 Dungeon Crawl Stone Soup version 0.30.0 (webtiles) character file.

Game seed: 11755102453022646854

747 centralandcovert the Grave Robber (level 8, -8/57 HPs)
             Began as a Human Necromancer on June 26, 2023.
             Was an Initiate of Sif Muna.
             Mangled by Pikel
             ... wielding a +0 whip of electrocution
              (12 damage)
             ... on level 5 of the Dungeon.
             The game lasted 01:33:34 (3487 turns).

centralandcovert the Grave Robber (HuNe)            Turns: 3487, Time: 01:33:35

Health: -8/57      AC:  8    Str: 11    XL:     8   Next: 6%
Magic:  11/14      EV: 16    Int: 15    God:    Sif Muna [......]
Gold:   294        SH:  0    Dex: 15    Spells: 11/15 levels left

rFire   . . .        j - +4 short sword "Muloi" {protect, Will+ Str+3 Int-2}
rCold   . . .        (no shield)
rNeg    . . .        d - +1 ring mail
rPois   .            q - +1 helmet
rElec   .            (no cloak)
rCorr   .            (no gloves)
SInv    .            (no boots)
Will    +....        (no amulet) Stlth
                     e - +5 ring of evasion
HPRegen 0.29/turn    (no ring)
MPRegen 0.14/turn

%: no passive effects
@: confused
A: no striking features
a: Renounce Religion


You were on level 5 of the Dungeon.
You worshipped Sif Muna.
Sif Muna was noncommittal.
You visited 1 branch of the dungeon, and saw 5 of its levels.

You collected 294 gold pieces.

Inventory:

Hand Weapons
 c - a +1 hand axe of flaming
 g - a +0 whip
 i - a +0 dagger
 j - the +4 short sword "Muloi" (weapon) {protect, Will+ Str+3 Int-2}
   (You found it on level 2 of the Dungeon)

   Str:       It affects your strength (+3).
   Int:       It affects your intelligence (-2).
   Will:      It increases your willpower.
 l - a +0 long sword
 s - a +0 sling
 t - a +2 heavy shortbow
Missiles
 p - 6 datura-tipped darts (quivered)
Armour
 a - a +0 robe
 d - a +1 ring mail (worn)
 f - a +0 chain mail
 k - a +0 leather armour
 n - a +0 helmet
 q - a +1 helmet (worn)
Jewellery
 e - a +5 ring of evasion (left hand)
Wands
 m - a wand of flame (12)
Scrolls
 h - a scroll of teleportation
 o - a scroll of identify
Potions
 b - 2 potions of magic
 r - a potion of curing


   Skills:
 * Level 2.5 Fighting
 * Level 2.6 Short Blades
 + Level 0.1 Axes
 * Level 2.6 Armour
 * Level 3.4 Dodging
 + Level 2.4 Stealth
 + Level 0.4 Unarmed Combat
 + Level 4.2 Spellcasting
 + Level 5.5 Necromancy


You had 11 spell levels left.
You knew the following spells:

 Your Spells              Type           Power      Damage    Failure   Level
a - Necrotise             Necr           76%        1d7       4%          1
b - Vampiric Draining     Necr           19%        2d7       13%         3

Your spell library contained the following spells:

 Spells                   Type           Power      Damage    Failure   Level
 Animate Dead             Necr           19%        N/A       38%         4
 Agony                    Necr           19%        N/A       75%         5


Dungeon Overview and Level Annotations

Branches:
Dungeon (5/15)
 Temple: D:4-7

Altars:
Sif Muna
Vehumet

Shops:
D:1 =!(:   D:3 ?

Annotations:
D:4 exclusion: statue
D:5 Pikel


Message History

You bump into the rock wall.
You feel less confused.
Pikel zaps a wand.
The bolt of light hits you but does no damage.
You barely miss Pikel.
Pikel is moderately wounded.
Pikel hits you with a +0 whip of electrocution.
You completely miss Pikel.
Pikel is moderately wounded.
Pikel misses you.
You closely miss Pikel.
Pikel is moderately wounded.
Pikel closely misses you.
Casting: Necrotise (safe; 4% risk of failure)
Confirm with . or Enter, or press ? or * to list all spells.
Aiming: Necrotise (safe; 4% risk of failure)
Press: ? - help, Shift-Dir - straight line, f/p - Pikel
Aim: Pikel, wielding a +0 whip of electrocution, wearing a +0 robe and carrying a wand of light (6) (moderately wounded, chance to affect: 78%) Pikel writhes in agony.
Pikel hits you with a +0 whip of electrocution!
Casting: Necrotise (safe; 4% risk of failure)
Confirm with . or Enter, or press ? or * to list all spells.
Aiming: Necrotise (safe; 4% risk of failure)
Press: ? - help, Shift-Dir - straight line, f/p - Pikel
Aim: Pikel, wielding a +0 whip of electrocution, wearing a +0 robe and carrying a wand of light (6) (heavily wounded, chance to affect: 78%) Pikel writhes in agony!
Pikel drinks a potion.
Pikel is healed!
Casting: Necrotise (safe; 4% risk of failure)
Confirm with . or Enter, or press ? or * to list all spells.
Aiming: Necrotise (safe; 4% risk of failure)
Press: ? - help, Shift-Dir - straight line, f/p - Pikel
Aim: Pikel, wielding a +0 whip of electrocution, wearing a +0 robe and carrying a wand of light (6) (chance to affect: 78%) Pikel writhes in agony.
Pikel zaps a wand.
The bolt of light hits you!
You are confused.
* * * LOW HITPOINT WARNING * * *
You bump into the rock wall.
Pikel hits you but does no damage.
You bump into the rock wall.
Pikel hits you with a +0 whip of electrocution.
* * * LOW HITPOINT WARNING * * *
You are electrocuted!
You die...

###### #....###
############# #'##...#
#...........#
≈.≈#...####.####.####.#
..≈#........###...##
#.≈#...#######.....#
#.≈#...# ##...##
#.≈#.### ##.## #.≈#.#
#@# #.≈#.# #K# #.≈#..
##5## #.≈#.# ##.5.##
#.≈# ##.....## ...+
#.......# ≈≈≈#
#!........# ####
...........+
.............#


You could see Pikel and 2 lemures.

Vanquished Creatures
  An ogre (D:5)
  2 centaurs (D:5)
  A phantom (D:4)
  2 lemures (D:5)
  3 hounds
  A jelly (D:4)
  An orc priest (D:3)
  Jessica (D:3)
  An orc wizard (D:3)
  4 iguanas
  2 adders
  3 gnolls (D:2)
  An ufetubus (D:5)
  2 worms
  A dart slug (D:3)
  10 orcs
  2 bats (D:1)
  4 endoplasms
  5 goblins
  4 hobgoblins
  2 jackals (D:2)
  2 kobolds
  2 quokkas
  6 ball pythons
  5 rats
68 creatures vanquished.

Vanquished Creatures (collateral kills)
  An endoplasm (D:4)
  A goblin (D:1)
  A jackal (D:2)
  A kobold (D:2)
4 creatures vanquished.

Grand Total: 72 creatures vanquished

Notes
Turn   | Place    | Note
-------+----------+-------------------------------------------
     0 | D:1      | centralandcovert the Human Necromancer began the quest for
                  | the Orb.
     0 | D:1      | Reached XP level 1. HP: 13/13 MP: 3/3
    26 | D:1      | Found Ylashr Ostaho's Book Shop.
   162 | D:1      | Found Saeret's Distillery.
   166 | D:1      | Found Ekkig's Antique Weapon Emporium.
   221 | D:1      | Found Vall's Jewellery Shop.
   284 | D:1      | Found a faded altar of an unknown god.
   292 | D:1      | Got Plato's Encyclopedia of Bodies
   410 | D:1      | Reached XP level 2. HP: 16/19 MP: 1/5
   457 | D:1      | You fall into a shaft and drop 1 floor!
   528 | D:2      | Reached XP level 3. HP: 15/24 MP: 2/6
   593 | D:2      | Reached skill level 1 in Armour
   628 | D:2      | Identified the +4 short sword "Muloi" {protect, Will+ Str+3
                  | Int-2}
   638 | D:2      | Reached XP level 4. HP: 28/30 MP: 4/7
  1309 | D:3      | Found Leosmatun's Magic Scroll Shop.
  1329 | D:3      | Reached skill level 1 in Short Blades
  1329 | D:3      | Reached XP level 5. HP: 35/35 MP: 0/9
  1520 | D:3      | Noticed Jessica
  1523 | D:3      | Killed Jessica
  1535 | D:3      | Found a shimmering blue altar of Sif Muna.
  1548 | D:3      | Became a worshipper of Sif Muna the Loreminder
  2028 | D:4      | Noticed a phantom
  2056 | D:4      | Killed a phantom
  2057 | D:4      | Reached skill level 1 in Fighting
  2057 | D:4      | Reached XP level 6. HP: 41/43 MP: 9/11
  2227 | D:4      | Reached skill level 5 in Necromancy
  2329 | D:4      | Learned a level 3 spell: Vampiric Draining
  2480 | D:4      | Found a radiant altar of Vehumet.
  2698 | D:4      | Reached XP level 7. HP: 48/48 MP: 7/12
  2874 | D:5      | Entered Level 5 of the Dungeon
  3337 | D:5      | Reached XP level 8. HP: 43/56 MP: 8/14
  3461 | D:5      | Noticed Pikel
  3487 | D:5      | Mangled by Pikel

Illustrated notes

Levels and vault maps discovered:
D:1:      minmay_arrival_stone_box, layout_rooms,
          shapermc_ecumenical_altar_rom_forum, serial_shops,
          nicolae_shop_window_shopping, nicolae_shop_window_shopping,
          nicolae_lakefront_shop, shop, nicolae_diamond_shop,
          minmay_split_cup_large
D:2:      layout_basic, st_stairs_1
D:3:      layout_rooms, tgw_sif, serial_shops, nicolae_shop_tiny_statue_garden
D:4:      layout_gridville, vehumet_statue, hangedman_glass_teeth, st_stairs_6
D:5:      layout_loops_corners, kennysheep_small_spiral, uniq_edmund, uniq_pikel

Skill      XL: |  1  2  3  4  5  6  7 |
---------------+----------------------+-----
Armour         | 1 2 |  2.6
Short Blades   | 1 2 |  2.6
Spellcasting   | 3 4 |  4.2
Fighting       | 1 2 |  2.5
Necromancy     | 5 |  5.5
Dodging        | 3 |  3.4
Axes           | |  0.1
Stealth        | |  2.4
Unarmed Combat | |  0.4

Action                     |  1- 3 |  4- 6 |  7- 9 || total
---------------------------+-------+-------+-------++-------
  Melee: Hand axe          |    27 |       |       ||    27
         Unarmed           |     7 |       |       ||     7
         Short sword       |     2 |    59 |    88 ||   149
         Punch             |       |       |     2 ||     2
  Throw: Throwing net      |       |     1 |       ||     1
   Cast: Necrotise         |    19 |    73 |    58 ||   150
    Use: Scroll            |     2 |     5 |     2 ||     9
         Potion            |     2 |     2 |     1 ||     5
 Armour: Chain mail        |    16 |       |       ||    16
         Robe              |     1 |       |       ||     1
         Ring mail         |     3 |    30 |    38 ||    71
  Dodge: Dodged            |    33 |    60 |   107 ||   200
